AoeStats
← MatCool

Arena

509162545Analyzed
1v1 RM · 6d ago on Sep 25, 2026· 48m 1s· 2 players
Game mode
Random Map
Map size
Tiny (2 player)
Population
200
Speed
Normal
Resources
Standard
Victory
Conquest
Starting age
Dark Age
Ending age
Imperial Age
RankedLock teamsTeams togetherTeam positionsShared explorationLock speedFull tech treeHidden civsTurbo modeCheats
Victory
Defeat
🇹🇷 Teutons · Türkiye
843
+15
🇵🇾 Ethiopians · Paraguay
812
-15
MatCool
9:54 Feudal Age
8:11 Loom
10:31 Double-Bit Axe
14:49 Castle Age
14:55 Stone Mining
16:22 Stone Shaft Mining
16:40 Horse Collar
29:32 Forging
29:24 Scale Mail Armor
32:35 Bow Saw
32:34 Heavy Plow
33:11 Gold Mining
34:44 Fletching
34:55 Padded Archer Armor
36:29 Ballistics
36:09 Bodkin Arrow
36:53 Leather Archer Armor
36:57 Crossbowman
38:15 Thumb Ring
40:13 Gold Shaft Mining
41:15 Wheelbarrow
40:29 Town Watch
44:09 Hand Cart
48:55 Imperial Age
47:00 Town Patrol
General G
10:45 Feudal Age
15:27 Castle Age
14:13 Double-Bit Axe
14:26 Horse Collar
23:57 Heavy Plow
29:14 Bow Saw
31:50 Imperial Age
30:29 Forging
30:11 Fletching
30:30 Elite Skirmisher
31:47 Ballistics
31:17 Loom
33:11 Wheelbarrow
33:49 Chemistry
33:00 Masonry
34:50 Crop Rotation
36:55 Iron Casting
36:16 Bodkin Arrow
37:26 Hand Cart
37:07 Bodkin Arrow
39:43 Elite Teutonic Knight
40:56 Onager
41:33 Town Watch
43:44 Blast Furnace
42:50 Scale Barding Armor
42:45 Scale Mail Armor
42:46 Padded Archer Armor
42:53 Siege Engineers
43:30 Crenellations
45:26 Hoardings
45:13 Siege Onager
47:21 Two-Man Saw
46:18 Gold Mining
46:19 Stone Mining
46:49 Leather Archer Armor
47:32 Town Patrol
Connection lost

Rejoining the realm…

Still unreachable

The connection could not be restored.

Session expired

The server has moved on; the page needs a fresh start.